Cogmind - Beta 12 @@@ ROGUE MODE // 2023.07.26 @ 22:33:10 Player: tionichm Result: Destroyed by G-47 Trooper with Particle Gun Performance ------------- Evolutions (0) 0 Regions Visited (2) 400 Robots Destroyed (26) 130 Value Destroyed (472) 472 Prototype IDs (0) 0 Alien Tech Used (0) 0 Bonus (0) 0 TOTAL SCORE: 1002 Bonus ------- None Cogmind --------- Core Integrity 0/250 Matter 366/400 Energy 100/100 System Corruption 4% Temperature Cool (9) Movement Walking (120) Location -10/Mines Parts ------- > --- POWER (1) -------- (None) > --- PROPULSION (2) --- Aluminum Leg Aluminum Leg > --- UTILITY (2) ------ Small Storage Unit Medium Matter Pod > --- WEAPON (2) ------- Light Assault Rifle Light Cannon > --- INVENTORY (8) ---- Targeting Computer Tractor Beam Light Assault Rifle Light Assault Rifle Datajack Mining Laser Peak State ------------ > --- POWER ------------ Ion Engine > --- PROPULSION ------- Aluminum Leg Aluminum Leg > --- UTILITY ---------- Small Storage Unit Medium Matter Pod > --- WEAPON ----------- Light Assault Rifle Grenade Launcher > --- INVENTORY -------- Ion Engine Aluminum Leg Compact Wheel Compact Wheel Datajack Mining Laser [Rating: 7] Favorites ----------- Power Ion Engine Engine Ion Engine Propulsion Aluminum Leg Leg Aluminum Leg Utility Small Storage Unit Storage Small Storage Unit Weapon Light Assault Rifle Energy Gun Medium Laser Ballistic Gun Light Assault Rifle Ballistic Cannon Light Cannon Launcher Grenade Launcher Special Weapon Mining Laser Slashing Weapon Mining Claw Special Melee Weapon Datajack Build | -11 -10 -10 ------- Run | Jun Mat Min Slots Evolved . | . . . Power . | . . . Propulsion . | . . . Utility . | . . . Weapon . | . . . Parts Attached 29 | 6 18 5 Power 3 | 1 1 1 Engine 3 | 1 1 1 Core . | . . . Reactor . | . . . Propulsion 6 | 2 3 1 Treads . | . . . Leg 6 | 2 3 1 Wheel . | . . . Hover . | . . . Flight . | . . . Utility 3 | 1 1 1 Device . | . . . Storage 3 | 1 1 1 Processor . | . . . Hackware . | . . . Protection . | . . . Artifact . | . . . Weapon 17 | 2 13 2 Energy Gun 1 | 1 . . Energy Cannon . | . . . Ballistic Gun 4 | 1 2 1 Ballistic Cannon 1 | . 1 . Launcher 4 | . 4 . Special Weapon 5 | . 5 . Impact Weapon . | . . . Slashing Weapon 1 | . . 1 Piercing Weapon . | . . . Special Melee Weapon 1 | . 1 . Unidentified Prototypes . | . . . Parts Lost 11 | . 6 5 Power 3 | . 1 2 Propulsion 3 | . 2 1 Utility 1 | . . 1 Weapon 4 | . 3 1 Highest Loss Streak 6 | . 6 3 To Critical Strikes . | . . . Average Slot Usage (%) 94 | . 93 98 Engine 13 | . 14 12 Leg 27 | . 27 28 Storage 25 | . 24 28 Ballistic Gun 7 | . 7 8 Ballistic Cannon 6 | . 3 14 Launcher 4 | . 6 . Special Weapon 5 | . 7 . Slashing Weapon 1 | . . 5 Naked Turns . | . . . Heaviest Build 17 | 13 16 17 Greatest Support 20 | 20 20 20 Greatest Overweight (x) 1 | . 1 1 Average Overweight (x) . | . . . Largest Inventory Capacity 8 | 8 8 8 Average Capacity 7 | 5 8 8 Most Carried 8 | 4 7 8 Average Carried 5 | 2 4 7 Final Capacity 8 | 8 8 8 Final Carried 7 | 3 7 6 Class Distribution -------------------- 77% | Mutant 22% | Scavenger-Mutant Dominant Class ---------------- Mutant | -10/Materials Scavenger-Mutant | -10/Mines Resources | -11 -10 -10 ----------- Run | Jun Mat Min Matter Collected 775 | 257 304 214 Remotely . | . . . Salvage Created 716 | . 487 229 Parts 40 | . 23 17 Haulers Intercepted 1 | . 1 . Recyclers Shooed 1 | . . 1 Parts Field Recycled . | . . . Retrieved Matter . | . . . Parts Self-Destructed . | . . . Prevented . | . . . Kills | -11 -10 -10 ------- Run | Jun Mat Min Combat Hostiles Destroyed 19 | . 13 6 Melee 1 | . . 1 Guns 6 | . 6 . Cannons 7 | . 2 5 AOE 5 | . 5 . Classes Destroyed 6 | . 6 . Worker 2 | . 2 . Tunneler 1 | . 1 . Hauler 1 | . 1 . Recycler 3 | . 1 2 Swarmer 9 | . 4 5 Grunt 10 | . 9 1 Best Kill Streak 4 | . 4 3 Combat Bots Only 3 | . 3 3 Max Kills in Single Turn 2 | . 2 1 Gunslinging . | . . . Exploded 2 | . 2 . Melee 1 | . . 1 Uniques/NPCs Destroyed . | . . . Combat | -11 -10 -10 -------- Run | Jun Mat Min Damage Taken 1257 | . 738 519 Core 262 | . 164 98 Absorbed by Shields . | . . . Regen/Repaired (Parts) 27 | . 27 . Core Remaining (%) 100 | 100 . . Volleys Fired 94 | . 69 25 Largest 2 | . 2 2 Hottest 135 | . 135 135 Shots Fired 123 | . 76 47 Gun 68 | . 47 21 Cannon 29 | . 4 25 Launcher 8 | . 8 . Special 18 | . 17 1 Kinetic 97 | . 51 46 Thermal 18 | . 17 1 Explosive 8 | . 8 . Electromagnetic . | . . . Robot Hit Streak 8 | . 8 4 Robot Miss Streak 5 | . 5 2 Penetration Max . | . . . Secondary Targets . | . . . Shots Hit Robots 72 | . 42 30 Core Hits 43 | . 34 9 Critical Kills . | . . . Critical Parts Destroyed . | . . . Critical Strikes . | . . . Melee Attacks 5 | . . 5 Impact . | . . . Slashing 5 | . . 5 Piercing . | . . . Sneak Attacks 2 | . . 2 Combat Hostiles . | . . . Follow-up Attacks . | . . . Damage Inflicted 1341 | . 850 491 Guns 331 | . 279 52 Cannons 339 | . 17 322 Explosions 501 | . 501 . Melee 117 | . . 117 Ramming 5 | . 5 . Kinetic 670 | . 296 374 Thermal 48 | . 48 . Explosive 501 | . 501 . Electromagnetic . | . . . Impact . | . . . Slashing 117 | . . 117 Piercing . | . . . Highest Corruption 4 | . 4 4 Average Corruption 3 | . 3 4 Corruption Purged . | . . . Corruption Blocked . | . . . Effects 10 | . 4 6 Message Errors 2 | . 1 1 Matter Fused 4 | . . 4 Heat Flow Errors 2 | . 2 . Energy Discharges 1 | . 1 . Data Loss (minor) 1 | . . 1 Overload Shots . | . . . Overflow Damage 31 | . 7 24 Projectiles . | . . . Explosions 7 | . 7 . Melee 24 | . . 24 Knockbacks 2 | . . 2 Impact . | . . . Kinetic 2 | . . 2 Secondary . | . . . Self-Inflicted Damage 95 | . 95 . Shots 4 | . 4 . Rammed . | . . . Targets Rammed 2 | 1 1 . Kicked 2 | 1 1 . Crushed . | . . . Highest Temperature 239 | . 239 67 Average Temperature 32 | . 36 21 Received Heat Transfer 432 | . 252 180 Siege Activations . | . . . Robots Corrupted . | . . . Combat Hostiles . | . . . Parts Fried . | . . . Impact Corruptions . | . . . Robots Melted . | . . . Combat Hostiles . | . . . Parts Melted 1 | . 1 . Heat Transferred 100 | . 100 . Parts Sabotaged . | . . . Parts Stolen . | . . . Parts Stripped . | . . . Power Chain Reactions . | . . . Missiles Intercepted . | . . . Alert | -11 -10 -10 ------- Run | Jun Mat Min Peak Influence 216 | . 216 180 Initial 75 | . . 75 Average 104 | . 102 126 Maximum Alert Level 1 | . 1 . Low Security (%) 99 | 100 99 100 Level 1 . | . . . Level 2 . | . . . Level 3 . | . . . Level 4 . | . . . Level 5 . | . . . High Security . | . . . Max Security . | . . . Squads Dispatched 3 | . 3 . Investigation 2 | . 2 . Extermination . | . . . Reinforcement 1 | . 1 . Assault . | . . . Garrison . | . . . Intercept . | . . . Searches Triggered . | . . . Construction Impeded . | . . . Haulers Reinforced . | . . . Active Scanning Responses . | . . . Cargo Convoy Interrupts . | . . . Stealth | -11 -10 -10 --------- Run | Jun Mat Min Distress Signals 1 | . 1 . Communications Jammed . | . . . Distress Signals . | . . . Times Spotted 33 | . 26 7 Peak Tracking Total 5 | . 5 3 Tactical Retreats 2 | . 2 . Traps | -11 -10 -10 ------- Run | Jun Mat Min Traps Triggered 7 | . 7 . Indirectly . | . . . Trap Hack Attempts . | . . . Triggered . | . . . Disarmed . | . . . Reprogrammed . | . . . Reused . | . . . Traps Extracted . | . . . Installed . | . . . Triggered . | . . . Machines | -11 -10 -10 ---------- Run | Jun Mat Min Machines Disabled . | . . . Max in Single Turn . | . . . Machines Repaired . | . . . Machines Sabotaged . | . . . Overloaded Fab Kills . | . . . Hacking | -11 -10 -10 --------- Run | Jun Mat Min Machines Accessed 3 | . 2 1 Terminals 2 | . 1 1 Fabricators . | . . . Repair Stations 1 | . 1 . Recycling Units . | . . . Scanalyzers . | . . . Garrison Access . | . . . Total Hacks 6 | . 3 3 Successful 3 | . 2 1 Failed 3 | . 1 2 Catastrophic . | . . . Database Lockouts . | . . . Manual . | . . . Terminals 4 | . 1 3 Fabricators . | . . . Repair Stations 2 | . 2 . Recycling Units . | . . . Scanalyzers . | . . . Garrison Access . | . . . Terminal Hacks 1 | . . 1 Zone Layout 1 | . . 1 Fabricator Hacks . | . . . Repair Station Hacks 2 | . 2 . Scan Component 1 | . 1 . Repair 1 | . 1 . Recycling Unit Hacks . | . . . Scanalyzer . | . . . Garrison Access Hacks . | . . . Unauthorized Hacks . | . . . Terminals . | . . . Fabricators . | . . . Repair Stations . | . . . Recycling Units . | . . . Scanalyzers . | . . . Garrison Access . | . . . Data Cores Recovered . | . . . Used . | . . . Hacking Detections 2 | . 2 . Full Trace Events . | . . . Feedback Events . | . . . Feedback Blocked . | . . . Robot Schematics Acquired . | . . . Robots Built . | . . . Authchips . | . . . Time . | . . . Total Robot Build Rating . | . . . Part Schematics Acquired . | . . . Parts Built . | . . . Authchips . | . . . Time . | . . . Total Part Build Rating . | . . . Parts Repaired 1 | . 1 . Time 26 | . 26 . Parts Recycled . | . . . Recycled Matter . | . . . Retrieved Matter . | . . . Retrieved Components . | . . . Parts Scanalyzed . | . . . Part Schematics Acquired . | . . . Parts Damaged . | . . . Bothacking | -11 -10 -10 ------------ Run | Jun Mat Min Used RIF Installer . | . . . Robots Hacked . | . . . Non-combat . | . . . Combat . | . . . Robot Hacks Applied . | . . . Relay Couplers Released . | . . . Fabnet Peak Effective % . | . . . Robots Rewired . | . . . Allies Hacked . | . . . Hacks Repelled . | . . . Allies | -11 -10 -10 -------- Run | Jun Mat Min Total Allies . | . . . Largest Group . | . . . Highest-Rated Group . | . . . Highest-Rated Ally . | . . . Total Orders . | . . . Ally Attacks . | . . . Total Damage . | . . . Kills . | . . . Allies Corrupted . | . . . Allies Melted . | . . . Intel | -11 -10 -10 ------- Run | Jun Mat Min Robot Analysis Total . | . . . Derelict Logs Recovered 1 | . . 1 Drone Launches . | . . . Drone Recoveries . | . . . Exploration | -11 -10 -10 ------------- Run | Jun Mat Min Turns Passed 1618 | 64 1116 438 Spaces Moved 1001 | 53 685 263 Core 23 | 23 . . Treads . | . . . Legs 978 | 30 685 263 Wheels . | . . . Hover . | . . . Flight . | . . . Fastest Speed 50 | 50 120 120 Average Speed 120 | 89 123 120 Slowest Speed 190 | 120 190 190 Overloaded Moves . | . . . Propulsion Burnouts . | . . . Robots Hopped . | . . . Cave-ins Triggered . | . . . Exploration Rate (%) 41 | 3 76 45 Regions Visited 2 Branch Regions 1 Pre-discovered Areas . | . . . Known Exits Taken . | . . . Unknown Exits Taken 2 | 1 1 . Scrap Searched . | . . . Spaces Dug 8 | . 8 . Terrain Destroyed 85 | . 85 . Melee . | . . . Projectile 14 | . 14 . AOE 71 | . 71 . Terrain Rammed . | . . . Walls Destroyed . | . . . Machines Disabled . | . . . Actions | -11 -10 -10 --------- Run | Jun Mat Min Total 1253 | 70 853 330 Wait 87 | . 62 25 Move 999 | 52 684 263 Hop . | . . . Pick Up 32 | 10 17 5 Fast Attach . | . . . Attach 20 | 6 10 4 Detach . | . . . Swap 9 | . 8 1 Drop 5 | 1 2 2 Fire 94 | . 69 25 Melee 5 | . . 5 Ram . | . . . Kick 2 | 1 1 . Crush . | . . . Escape Stasis . | . . . Rewire . | . . . Trap . | . . . Miscellaneous . | . . . Route ------- -11/Junkyard -10/Materials (discovered 2 exits: [*Mat] / *Min) -10/Mines (discovered 1 exit: [*Exi]) History --------- Turn | Location | Event 5 | -11/Junkyard | Discovered new exit (range 14) 65 | -11/Junkyard | Entered Materials 240 | -10/Materials | Discovered new exit (range 10) 301 | -10/Materials | Build established: Mutant 456 | -10/Materials | Discovered new exit (range 9) 791 | -10/Materials | Repaired Mining Laser 860 | -10/Materials | Core integrity fell below 50% 905 | -10/Materials | Lost 6 parts (1p2n3w) 1181 | -10/Materials | Entered Mines 1223 | -10/Mines | Met a Derelict bent on vengeance 1285 | -10/Mines | Learned Materials stockpile data 1295 | -10/Mines | Deemed a non-threat by the Exiles lab entrance 1296 | -10/Mines | Discovered new exit (range 5) 1516 | -10/Mines | Build established: Scavenger-Mutant 1569 | -10/Mines | Core integrity fell below 20% 1619 | -10/Mines | Destroyed by G-47 Trooper with Particle Gun Last Messages --------------- 01514_ U-05 Engineer lays Concrete. 01516_ T-07 Excavator is excavating. 01518_ U-05 Engineer lays Concrete. 01518_ R-06 Scavenger destroyed. 01519_ U-05 Engineer lays Concrete. 01522_ T-07 Excavator is excavating. 01522_ Acquired 2 matter. 01527_ Dropped Mining Claw. 01528_ Acquired Aluminum Leg. 01529_ G-47 Trooper knocked back. 01533_ Acquired 1 matter. 01537_ System corrupted: Matter fused (-9). 01537_ K-01 Serf collects debris. 01559_ G-47 Trooper knocked back. 01561_ System corrupted: Matter fused (-6). 01563_ K-01 Serf collects debris. 01572_ Aluminum Leg destroyed. 01582_ Med. Matter Pod destroyed. 01592_ Lgt. Ion Engine destroyed. 01616_ G-34 Mercenary destroyed. Map ----- +----------------------------------------------------+ | ????????????? ###????????????????????????????? | | ????????????? ?????????????????????????????? | | ????????????? ??????????????????????????????? | | ????????????? ???????????????????????????????? | | ?????????????# ????????????????????????????????? | | ?#????###????# #???????????? ??????????????????? | | ?# #### #???# #???????????# ??????????????????? | | ??# #?## ##??????????# ??????????????????? | | ???# ## ##?????????# ??????????????##### | | ??????# ###### #?## $#????????????# | | ??????# % ### ##??????????# | | ?????## ## ##??#####?# ? | | ??#### ##### r #?## ## ??? | | ?## #???# ### ????? | | ?# !/ % #????# #?????? | | ?####### ! [ #???## #??????? | | ???????## =*%## ##??## #???????? | | ###?????## %%##?# ##??## ######??? | | ##?????##%%##??###???# ### ##?? | | #??????# #????????# ### #?? | | ######## #????????# ### #?? | | ## ##???????## ###### #?? | | #???????## ##????# #?? | | ##??????# ##?????#### ##### #?? | | # ##?????# #?????????# #???# ### | | # #????## @ #?????????# #???# # | | # #### #???## g ##?????????# ###?### # | | ##??### ##???#% ######??????????# ##??#!# | | ##???### #???##%!##???????????????### #??# # | | ##???## #???# ##?????????????????## ##??#=# | | ####????# ##??# ##??????##########?# #???#* | | ???????## #### ##?????# #?# ##???### | | ??????## ## =####### """ ##< #??????# | | ?###### = ! """ #####??????# | | ## #### = """ #??????????# | | # ###??#### ###### """ #??????????? | | ## ##???????### ###????# #??????????? | | ?#######??????????#####??????##########??????????? | | ?????????????????????????????????????????????????? | | ?????????????????????????????????????????????????? | | | | | | | | | | | | | | | | | | | | | +----------------------------------------------------+ Best States ------------- Heat Dissipation 25 Energy Generation 10 Energy Capacity 250 Matter Stores 400 Matter Capacity 400 Sight Range 16 Terrain Scan Density 10 Evasion (%) 55 Item Schematics ----------------- None Robot Schematics ------------------ None Fabricated ------------ Nothing Alien Tech Used ----------------- None Achievements -------------- None Challenges ------------ None Game ------ Seed InsulatedRecyclingChainsword Manual? 0 Play Time 00:22:05 Cumulative 16.2 hours Start 2023.07.26 @ 22:11:29 End 2023.07.26 @ 22:33:10 Sessions 1 Manual Loads 0 Difficulty Rogue Special Mode None Game No. 40 Rogue 40 Adventurer 0 Explorer 0 Win Type - Total 0 Types 0/0/0/0/0/0/0/0/0 Lore% 8 Gallery% 18 Achievement% 16 Wizard Run 0 Options --------- ASCII 0 Keyboard 1 Movement Numpad Keybinds 0 Fullscreen 1 Font 12/Smallcaps Map View 83x54 Tactical HUD 1 Map Filters NONE Filters NONE Steam 1 RUN: c79acb33-9a58-4a4f-8360-7c4106de42b0